 Dungeon Crawl Stone Soup version 0.26-a0-546-g3c2127501a (webtiles) character file.

Game seed: 9254085799320179840

45 ANON1729 the Caller (level 3, -2/26 HPs)
             Began as a Demigod Summoner on Aug 19, 2020.
             Slain by Sigmund
             ... wielding a +0 scythe
              (11 damage)
             ... on level 3 of the Dungeon.
             The game lasted 00:04:06 (3642 turns).

ANON1729 the Caller (Demigod Summoner)              Turns: 3642, Time: 00:04:06

Health: -2/26      AC:  2    Str: 11    XL:     3   Next: 25%
Magic:  7/9        EV: 13    Int: 21    God:
Gold:   81         SH:  0    Dex: 16    Spells: 3/6 levels left

rFire    . . .     SeeInvis .   e - +0 dagger
rCold    . . .     Faith    .   (no shield)
rNeg     . . .     Spirit   .   a - +0 robe
rPois    .         Reflect  .   (no helmet)
rElec    .         Harm     .   (no cloak)
rCorr    .                      (no gloves)
MR       .....                  (no boots)
Stlth    ++........             (no amulet)
HPRegen  0.08/turn              (no ring)
MPRegen  0.11/turn              (no ring)

@: no status effects
A: high mp 1
a: no special abilities


You were on level 3 of the Dungeon.
You visited 1 branch of the dungeon, and saw 3 of its levels.

You collected 81 gold pieces.

Inventory:

Hand Weapons
 e - a +0 dagger (weapon)
Armour
 a - a +0 robe (worn)
Jewellery
 b - an uncursed ring of positive energy {unknown}
 k - an uncursed ring of stealth {unknown}
Scrolls
 c - a scroll of immolation {unknown}
 f - 2 scrolls of identify {unknown}
 g - a scroll of remove curse {unknown}
 h - a scroll of teleportation {unknown}
 m - 2 scrolls of enchant weapon {unknown}
 n - a scroll of magic mapping {unknown}
 o - a scroll of enchant armour {unknown}
Potions
 d - a potion of magic {unknown}
 i - a potion of brilliance {unknown}
 j - a potion of mutation {unknown}
 l - a potion of might {unknown}


   Skills:
 + Level 2.3 Dodging
 + Level 2.3 Stealth
 + Level 2.2 Spellcasting
 + Level 3.9 Summonings


You had 3 spell levels left.
You knew the following spells:

 Your Spells              Type           Power        Failure   Level
a - Summon Small Mammal   Summ           ###.         2%          1
b - Call Imp              Summ           ###.....     4%          2

Your spell library contained the following spells:

 Spells                   Type           Power        Failure   Level
 Call Canine Familiar     Summ           ###.....     9%          3
 Summon Guardian Golem    Hex/Summ       ##......     19%         3
 Confusing Touch          Hex            #.......     41%         3
 Gell's Gravitas          Tloc           #.........   41%         3
 Summon Ice Beast         Ice/Summ       ##......     54%         4
 Summon Lightning Spire   Summ/Air       ##......     54%         4
 Petrify                  Tmut/Erth      #.......     82%         4
 Metabolic Englaciation   Hex/Ice        #.........   99%         5
 Yara's Violent Unravell  Hex/Tmut       #.........   99%         5


Dungeon Overview and Level Annotations

Branches:
Dungeon (3/15)

Annotations:
D:3 Sigmund


Innate Abilities, Weirdness & Mutations

You have an increased reservoir of magic. (+10% MP)


Message History

Sigmund casts a spell at your crimson imp.
The magic dart hits your crimson imp!
Your crimson imp hits Sigmund.
Sigmund barely misses your crimson imp.
Your crimson imp blinks!
Your crimson imp barely misses Sigmund.
You swap places.
Sigmund misses your crimson imp.
You closely miss Sigmund.
Sigmund is almost dead.
Sigmund closely misses you.
Your crimson imp barely misses Sigmund.
You closely miss Sigmund.
Sigmund is almost dead.
Your crimson imp closely misses Sigmund.
You closely miss Sigmund.
Sigmund is almost dead.
Your crimson imp disappears in a puff of smoke!
Sigmund completely misses you.
You hit Sigmund.
Sigmund is almost dead.
Sigmund hits you with a +0 scythe!
You die...

..... #.#
...$5###.#######.
................
..........!...#
#####>........#
#<#.##.##.#...
#.#.##.5..#
#######5#..#.####
.....##@##.#5#
#....@.#...#
#......##..##
#.........>.#
#......####.#
#......# .#
#......# ..
#######.##### ###
###.......#


You could see Sigmund and a friendly crimson imp (summoned).

Vanquished Creatures
  A dart slug (D:2)
  A leopard gecko (D:1)
  An orc (D:3)
  2 giant cockroaches
  3 goblins
  2 jackals (D:2)
  2 ball pythons
  4 bats
  2 frilled lizards
  5 kobolds
  3 rats
26 creatures vanquished.

Vanquished Creatures (collateral kills)
  2 worms (D:2)
  A dart slug (D:1)
  3 orcs (D:3)
  2 goblins
  A hobgoblin (D:1)
  2 jackals
  2 kobolds (D:1)
  A bat (D:1)
  2 frilled lizards
  A rat (D:1)
17 creatures vanquished.

Grand Total: 43 creatures vanquished

Notes
Turn   | Place    | Note
-------+----------+-------------------------------------------
     0 | D:1      | ANON1729 the Demigod Summoner began the quest for the Orb.
     0 | D:1      | Reached XP level 1. HP: 14/14 MP: 5/5
  1138 | D:1      | Reached XP level 2. HP: 19/20 MP: 7/7
  1610 | D:1      | Learned a level 2 spell: Call Imp
  1820 | D:2      | Found an opulent altar of Gozag.
  2467 | D:2      | Found a hide-covered altar of Uskayaw.
  2751 | D:2      | HP: 1/20 [worm (8)]
  2760 | D:2      | Reached XP level 3. HP: 2/26 MP: 2/8
  3273 | D:3      | Noticed Sigmund
  3310 | D:3      | Found a glowing golden altar of the Shining One.
  3642 | D:3      | Slain by Sigmund

Illustrated notes

Levels and vault maps discovered:
D:1:      dpeg_arrival_round_a, layout_loops_corners, corexii_hall_statues_x,
          kennysheep_nondescript, chequers_serial_rivers_small_3,
          minmay_pentomino_w2
D:2:      layout_loops_ring, eat_drink_and_be_merry_uskayaw, nrook_uturn,
          nicolae_gozag_seed_capital
D:3:      layout_basic, tso_altar, uniq_natasha, uniq_sigmund

Skill      XL: |  1 |
---------------+----+-----
Dodging        | 2 |  2.3
Stealth        | 2 |  2.3
Spellcasting   | 2 |  2.2
Summonings     | |  3.9

Action                   || total
-------------------------++-------
Melee: Unarmed           ||    20
       Dagger            ||    86
 Cast: Summon Small Mamm ||    17
       Call Imp          ||    13
 Stab: Sleeping          ||     6
       Distracted        ||     1
Armor: Robe              ||    23
Dodge: Dodged            ||    97

Table legend: (Time is in decaauts)
 A = Elapsed time spent in this place.
 B = Non-inter-level travel time spent in this place.
 C = Inter-level travel time spent in this place.
 D = Time resting spent in this place.
 E = Time spent auto-exploring this place.
 F = Levels seen in this place.
 G = Mean time per level.
                   A        B        C        D        E       F      G
               +--------+--------+--------+--------+--------+-----+--------+
         Total |   3646 |   3589 |     57 |   1738 |   1420 |   3 | 1215.3 |
       Dungeon |   3646 |   3589 |     57 |   1738 |   1420 |   3 | 1215.3 |
               +--------+--------+--------+--------+--------+-----+--------+

Top non-repeatable levels by time:
     D:1: 1779 daAuts
     D:2: 1449 daAuts
     D:3: 418 daAuts
